 Dungeon Crawl Stone Soup version 0.18.1-48-g4cf74bf (webtiles) character file.

49 nikopol the Chopper (level 3, -10/33 HPs)
             Began as a Minotaur Berserker on Aug 22, 2016.
             Was a Follower of Trog.
             Killed from afar by Ijyb (16 damage)
             ... with a wand of acid
             ... on level 2 of the Dungeon.
             The game lasted 00:01:53 (953 turns).

nikopol the Chopper (Minotaur Berserker)             Turns: 953, Time: 00:01:54

Health: -10/33     AC:  5    Str: 21    XL:     3   Next: 51%
Magic:  2/2        EV: 16    Int:  4    God:    Trog [*.....]
Gold:   18         SH:  0    Dex: 10    Spells: 0 memorised, 2 levels left

rFire  . . .     SeeInvis .     a - +0 hand axe
rCold  . . .     Gourm    .     m - +0 ring mail
rNeg   . . .     Faith    .     (no shield)
rPois  .         Spirit   .     (helmet restricted)
rElec  .         Dismiss  .     (no cloak)
rCorr  .         Reflect  .     (no gloves)
SustAt .         Harm     .     (no boots)
MR     ++...                    (no amulet)
Stlth  ..........               (no ring)
                                j - +5 ring of evasion

@: exhausted, regenerating, slowed, very slow, very resistant to hostile
enchantments, extremely unstealthy
A: retaliatory headbutt, horns 2
a: Berserk, Burn Spellbooks, Renounce Religion


You were on level 2 of the Dungeon.
You worshipped Trog.
Trog was aware of your devotion.
You were very hungry.

You visited 1 branch of the dungeon, and saw 2 of its levels.

You collected 18 gold pieces.

Inventory:

Hand Weapons
 a - a +0 hand axe (weapon)
Missiles
 h - 21 arrows (quivered)
Armour
 b - a +0 animal skin
 m - a +0 ring mail (worn)
Jewellery
 j - a +5 ring of evasion (left hand)
Scrolls
 d - a scroll of identify {unknown}
 e - a scroll of fear {unknown}
 g - a scroll of enchant weapon {unknown}
 l - a scroll of enchant armour {unknown}
Potions
 f - a potion of lignification {unknown}
 i - a potion of mutation {unknown}
Comestibles
 c - 2 bread rations
 k - a chunk of flesh
 n - a meat ration


   Skills:
 + Level 4.2 Fighting
 + Level 4.2 Axes
 + Level 3.3 Armour
 + Level 2.6 Dodging


You had 2 spell levels left.
You didn't know any spells.

Dungeon Overview and Level Annotations

Branches:
Dungeon (2/15)

Altars:
Cheibriados

Annotations:
D:2 Ijyb


Innate Abilities, Weirdness & Mutations

You reflexively headbutt those who attack you in melee.
You have a pair of horns on your head.


Message History

You can now call upon Trog for regeneration and protection from hostile enchantments.
You are no longer berserk.
You are exhausted.
You feel yourself slow down.
You are feeling very hungry.
You barely miss Ijyb.
Ijyb zaps a wand.
The bolt of acid hits you!
The acid burns!
* * * LOW HITPOINT WARNING * * *
It is a wand of acid.
Ijyb hits you but does no damage.
You are too injured to fight recklessly!
You are too injured to fight recklessly!
You are too injured to fight recklessly!
Your skin crawls.
You feel resistant to hostile enchantments.
You feel slightly more hungry.
You can no longer call upon Trog for regeneration and protection from hostile enchantments.
Ijyb misses you.
You feel the effects of Trog's Hand fading.
Ijyb zaps a wand.
The bolt of acid hits you!
You die...

...."......#.#
......_........
............#..
......[...>.'..
...............#
...............#
#.#....g#####..#
.......†#($$#..#
#.#..#)@#!%$#.$#
.....#..#?[[#..#
##......#####..#
####.)†)...)..#
#..........#
############


You could see Ijyb.

Vanquished Creatures
  Robin (D:2)
  An ooze (D:1)
  A worm (D:2)
  A dart slug (D:1)
  2 giant cockroaches (D:1)
  10 goblins
  4 hobgoblins
  A quokka (D:1)
  A ball python (D:2)
  A bat (D:1)
  2 kobolds (D:1)
  2 rats (D:1)
27 creatures vanquished.

Notes
Turn   | Place    | Note
--------------------------------------------------------------
     0 | D:1      | nikopol the Minotaur Berserker began the quest for the Orb.
     0 | D:1      | Reached XP level 1. HP: 19/19 MP: 0/0
   411 | D:1      | Reached XP level 2. HP: 27/27 MP: 1/1
   930 | D:2      | Noticed Robin
   940 | D:2      | Reached XP level 3. HP: 33/33 MP: 2/2
   942 | D:2      | Noticed Ijyb
   945 | D:2      | Killed Robin
   947 | D:2      | Found a snail-covered altar of Cheibriados.
   950 | D:2      | Reached ** piety under Trog
   953 | D:2      | Killed from afar by Ijyb

Skill      XL: |  1  2 |
---------------+-------+-----
Axes           | 4 |  4.2
Armour         | 3 |  3.3
Fighting       | 4 |  4.2
Dodging        | |  2.6

Action                   || total
-------------------------++-------
Melee: Hand axe          ||    52
       Headbutt          ||     7
Invok: Berserk           ||     1
       Trog's Hand       ||     1
 Stab: Sleeping          ||     1
Armor: Animal skin       ||     3
       Ring mail         ||     5
Dodge: Dodged            ||    38
